 Dungeon Crawl Stone Soup version 0.20.0-15-g7f486f2 (webtiles) character file.

27 vishdafish the Digger (level 2, -6/22 HPs)
             Began as a Draconian Earth Elementalist on June 29, 2017.
             Killed by nerve-wracking pain
             ... invoked by Jessica
              (10 damage)
             ... on level 2 of the Dungeon.
             The game lasted 00:02:40 (1481 turns).

vishdafish the Digger (DrEE)                        Turns: 1481, Time: 00:02:43

Health: -6/22      AC:  5    Str: 10    XL:     2   Next: 93%
Magic:  5/5        EV: 12    Int: 15    God:
Gold:   30         SH:  0    Dex: 11    Spells: 4/5 levels left

rFire    . . .     SeeInvis .   a - +0 spear
rCold    . . .     Gourm    .   (no shield)
rNeg     . . .     Faith    .   (armour unavailable)
rPois    .         Spirit   .   (helmet restricted)
rElec    .         Reflect  .   l - +0 cloak
rCorr    .         Harm     .   (no gloves)
MR       +....     Rnd*Tele +   (no boots)
Stlth    ++........             m - amulet of inaccuracy (curse)
Regen    0.1/turn               e - ring of protection from magic
MPRegen  0.1/turn               s - ring of teleportation (curse)

@: drained
A: unfitting armour, cold-blooded, AC +4
a: no special abilities


You were on level 2 of the Dungeon.
You were very hungry.

You visited 1 branch of the dungeon, and saw 2 of its levels.

You collected 30 gold pieces.

Inventory:

Hand Weapons
 a - a +0 spear (weapon)
Missiles
 b - 41 stones (quivered)
Armour
 l - a +0 cloak (worn)
Jewellery
 e - a ring of protection from magic (left hand)
 m - a cursed amulet of inaccuracy (around neck)
 s - a cursed ring of teleportation (right hand)
Scrolls
 f - a scroll of recharging {unknown}
 g - a scroll of remove curse {unknown}
 h - a scroll of immolation {unknown}
 i - a scroll of teleportation {unknown}
 j - a scroll of enchant weapon {unknown}
 n - a scroll of fear {unknown}
 p - a scroll of enchant armour {unknown}
 t - a scroll of fog {unknown}
Potions
 k - a potion of lignification {unknown}
 o - 2 potions of brilliance {unknown}
 r - a potion of mutation {unknown}
Books
 d - a book of Geomancy

   Spells                             Type                      Level
   a - Sandblast                      Earth                        1
   b - Passwall                       Transmutation/Earth          2
   c - Stone Arrow                    Conjuration/Earth            3
   d - Petrify                        Transmutation/Earth          4
   e - Lee's Rapid Deconstruction     Earth                        5
Comestibles
 c - a bread ration
 q - a meat ration


   Skills:
 + Level 0.9(0.7) Fighting
 + Level 0.6(0.4) Polearms
 + Level 2.0(1.8) Dodging
 + Level 2.1(1.9) Stealth
 * Level 2.2(2.0) Spellcasting
   Level 1.0(0.8) Transmutations
 * Level 3.2(3.0) Earth Magic


You had 4 spell levels left.
You knew the following spells:

 Your Spells              Type           Power        Failure   Level  Hunger
a - Sandblast             Erth           ##....       6%          1    #......


Dungeon Overview and Level Annotations

Branches:
Dungeon (2/15)

Altars:

Annotations:
D:2 Jessica


Innate Abilities, Weirdness & Mutations

Your plain brown scales are hard. (AC +4)
You cannot fit into any form of body armour.
You are cold-blooded and may be slowed by cold attacks.


Message History

You closely miss Jessica.
Jessica is moderately wounded.
Jessica barely misses you. Jessica hits you with a dagger.
* * * LOW HITPOINT WARNING * * *
You closely miss Jessica.
Jessica is moderately wounded.
You are feeling very hungry.
Jessica hits you but does no damage.
You hit Jessica.
Jessica is heavily wounded.
Jessica casts a spell at you. You resist with significant effort.
Jessica hits you but does no damage.
You hit Jessica but do no damage.
Jessica is heavily wounded.
Jessica casts a spell at you. You resist with significant effort.
Jessica grins evilly.
Jessica gestures at you while chanting. Pain shoots through your body!
You die...

#######
.....
.S. #@#
#@# #.#
...
.####
#. #


You could see an adder and Jessica.

Vanquished Creatures
  A leopard gecko (D:1)
  4 bats (D:1)
  5 goblins
  A hobgoblin (D:1)
  7 jackals (D:1)
  3 kobolds (D:1)
  2 rats (D:1)
23 creatures vanquished.

Notes
Turn   | Place    | Note
-------+----------+-------------------------------------------
     0 | D:1      | vishdafish the Draconian Earth Elementalist began the quest for the Orb.
     0 | D:1      | Reached XP level 1. HP: 14/14 MP: 3/3
   393 | D:1      | Reached XP level 2. HP: 6/20 MP: 0/5
  1473 | D:2      | Noticed Jessica
  1481 | D:2      | Killed from afar by Jessica

Skill      XL: |  1  2 |
---------------+-------+-----
Stealth        | 2 |  2.1
Dodging        | 2 |  2.0
Fighting       | |  0.9
Polearms       | |  0.6
Spellcasting   | |  2.2
Transmutations | |  1.0
Earth Magic    | |  3.2

Action                   || total
-------------------------++-------
Melee: Spear             ||   127
       Tailslap          ||     8
 Cast: Sandblast         ||     2
 Stab: Sleeping          ||     4
  Eat: Chunk             ||     1
Armor: Skin              ||    43
Dodge: Dodged            ||    98
